 Dungeon Crawl Stone Soup version 0.25-a0-591-g2ad0d861f1 (webtiles) character file.

Game seed: 17083687053204060802, levelgen mode: deterministic

67 kae the Gusty (level 4, 0/24 HPs)
             Began as a Tengu Air Elementalist on Mar 13, 2020.
             Slain by an orc priest
             ... wielding a +0 falchion
              (6 damage)
             ... on level 3 of the Dungeon.
             The game lasted 00:01:39 (2058 turns).

kae the Gusty (Tengu Air Elementalist)              Turns: 2058, Time: 00:01:39

Health: 0/24       AC:  2    Str: 12    XL:     4   Next: 18%
Magic:  0/9        EV: 13    Int: 16    God:
Gold:   100        SH:  0    Dex: 15    Spells: 4/8 levels left

rFire    . . .     SeeInvis .   (no weapon)
rCold    . . .     Gourm    .   (no shield)
rNeg     . . .     Faith    .   a - +0 robe
rPois    .         Spirit   .   (helmet restricted)
rElec    .         Reflect  .   (no cloak)
rCorr    .         Harm     .   (no gloves)
MR       .....                  (boots unavailable)
Stlth    ++........             (no amulet)
HPRegen  0.08/turn              e - +4 ring of strength
MPRegen  0.11/turn              b - ring of wizardry

@: no status effects
A: beak, talons 3
a: no special abilities


You were on level 3 of the Dungeon.
You were hungry.

You visited 1 branch of the dungeon, and saw 3 of its levels.

You collected 100 gold pieces.

Inventory:

Armour
 a - a +0 robe (worn)
Jewellery
 b - a ring of wizardry (right hand)
 e - a +4 ring of strength (left hand)
Scrolls
 d - a scroll of teleportation {unknown}
 f - a scroll of remove curse
 g - 2 scrolls of identify
Comestibles
 c - 8 rations


   Skills:
 - Level 2.1 Dodging
 - Level 2.0 Stealth
 + Level 2.7 Spellcasting
 - Level 2.0 Conjurations
 * Level 5.7 Air Magic


You had 4 spell levels left.
You knew the following spells:

 Your Spells              Type           Power        Failure   Level  Hunger
a - Shock                 Conj/Air       ##..         1%          1    #......
b - Static Discharge      Conj/Air       ##......     4%          3    ###....

Your spell library contained the following spells:

 Spells                   Type           Power        Failure   Level  Hunger
 Swiftness                Chrm/Air       ##......     3%          2    ##.....
 Airstrike                Air            ###.......   8%          4    #####..
 Lightning Bolt           Conj/Air       ##........   38%         5    ######.


Dungeon Overview and Level Annotations

Branches:
Dungeon (3/15)

Altars:
Fedhas


Innate Abilities, Weirdness & Mutations

You have a beak for a mouth.
You have claws for feet.


Message History

The orc priest hits you with a +0 falchion!
* * * LOW HITPOINT WARNING * * *
You feel better.
The orc priest hits you with a +0 falchion.
You barely miss the orc priest. Your peck misses the orc priest.
The orc priest is heavily wounded.
You hit the orc priest but do no damage.
Your kick misses the orc priest. Your peck misses the orc priest.
The orc priest is heavily wounded.
The orc priest hits you with a +0 falchion.
* * * LOW HITPOINT WARNING * * *
Casting: Shock (safe; 1% risk of failure)
Confirm with . or Enter, or press ? or * to list all spells.
Aiming: Shock (safe; 1% risk of failure)
Press: ? - help, Shift-Dir - straight line, f/p - orc priest
Aim: an orc priest, wielding a +0 falchion and wearing a +0 leather armour (heavily wounded)
The zap hits the orc priest but does no damage.
The orc priest is heavily wounded.
The orc priest hits you with a +0 falchion.
You die...

### .. )# .#
###.#...#
#.....# #.#
#.#)#...# #.#
###.#o# .# #.#
..#o#.. #.#
#.#@#### #.#
#.#.# #.# #.#.#
#.# #.#
#.#.####..
#.###.#
#......#.#
#...<.#
#######........#
####...
...........#.#.#
#.##
########.#.#.#)#
#.##
#.....#.####
#.##


You could see an orc priest.

Vanquished Creatures
  An adder (D:2)
  A dart slug (D:1)
  2 leopard geckos (D:2)
  2 orcs (D:3)
  A ball python (D:1)
  3 giant cockroaches
  3 goblins
  10 hobgoblins
  4 jackals (D:2)
  4 kobolds
  8 bats
  2 frilled lizards (D:1)
  6 rats
47 creatures vanquished.

Notes
Turn   | Place    | Note
-------+----------+-------------------------------------------
     0 | D:1      | kae the Tengu Air Elementalist began the quest for the Orb.
     0 | D:1      | Reached XP level 1. HP: 10/10 MP: 4/4
   118 | D:1      | Reached XP level 2. HP: 15/15 MP: 3/6
   697 | D:1      | Reached XP level 3. HP: 17/19 MP: 0/7
  1012 | D:2      | Reached skill level 5 in Air Magic
  1085 | D:2      | Learned a level 3 spell: Static Discharge
  1242 | D:2      | Found a blossoming altar of Fedhas.
  1735 | D:2      | Reached XP level 4. HP: 24/24 MP: 0/8
  2058 | D:3      | Slain by an orc priest

Levels and vault maps discovered:
D:1:      roderic_chinese_lattice_arrival, layout_rooms,
          minmay_misc_feat_pillars, solitary_fountain, minivault_24
D:2:      layout_basic, marbit_many_paths, first_ration,
          chequers_serial_rivers_small_3
D:3:      layout_loops_ring, kennysheep_slug_shrine,
          chequers_ecumenical_altar_simple, uniq_natasha, uniq_purgy

Skill      XL: |  1  2  3 |
---------------+----------+-----
Conjurations   | 2 |  2.0
Air Magic      | 5 |  5.7
Dodging        | |  2.1
Stealth        | |  2.0
Spellcasting   | |  2.7

Action                   |  1- 3 |  4- 6 || total
-------------------------+-------+-------++-------
Melee: Unarmed           |    29 |     6 ||    35
       Peck              |     3 |     4 ||     7
       Kick              |     6 |       ||     6
 Cast: Shock             |    76 |    16 ||    92
  Use: Scroll            |     4 |     1 ||     5
       Potion            |       |     2 ||     2
  Eat: Chunk             |     3 |     1 ||     4
Armor: Robe              |    14 |       ||    14
Dodge: Dodged            |    44 |     4 ||    48

Table legend:
 A = Non-vault XP
 B = Vault XP
 C = Vault XP percentage of total XP
 D = Non-vault monster count
 E = Vault monster count
 F = Vault count percentage of total count
                 A         B        C        D         E       F
            +---------+---------+-------+---------+---------+-------
      Total |      95 |       2 |   2.1 |      46 |       1 |   2.1
            +---------+---------+-------+---------+---------+-------
        D:1 |      35 |       0 |   0.0 |      21 |       0 |   0.0
        D:2 |      49 |       2 |   3.9 |      20 |       1 |   4.8
        D:3 |      11 |       0 |   0.0 |       5 |       0 |   0.0
            +---------+---------+-------+---------+---------+-------
